AoeStats
← JamesNewstedd

MegaRandom

505317656Analyzed
1v1 RM · 24d ago on Sep 8, 2026· 62m 47s· 2 players
Game mode
Random Map
Map size
Tiny (2 player)
Population
200
Speed
Normal
Resources
Standard
Victory
Conquest
Starting age
Dark Age
Ending age
Imperial Age
RankedLock teamsTeams togetherTeam positionsShared explorationLock speedFull tech treeHidden civsTurbo modeCheats
Victory
Defeat
🇨🇳 Mongols · China
1701
+22
🇩🇪 Armenians · Germany
1829
-22
JamesNewstedd
10:39 Feudal Age
11:11 Double-Bit Axe
12:05 Gold Mining
12:25 Town Watch
12:26 Loom
19:54 Castle Age
18:39 Forging
21:34 Medium Warships
21:56 Bow Saw
26:03 Fishing Lines
27:17 Wheelbarrow
28:32 Gillnets
32:32 Fervor
34:04 Hand Cart
36:56 Imperial Age
35:08 Fletching
36:48 Scale Mail Armor
37:59 Iron Casting
37:21 Stone Mining
38:09 Gold Shaft Mining
37:31 Pikeman
38:11 Squires
37:56 Arson
38:50 Guilds
38:45 Halberdier
40:05 Chain Mail Armor
40:50 Blast Furnace
39:59 Capped Ram
41:49 Plate Mail Armor
42:41 Siege Ram
43:07 Horse Collar
45:40 Heavy Plow
46:19 Heavy Scorpion
51:08 Ballistics
52:18 Chemistry
52:23 Conscription
52:00 Bodkin Arrow
55:58 Hoardings
只会打步弓
4:41 Loom
8:39 Feudal Age
9:11 Double-Bit Axe
18:37 Castle Age
18:10 Gold Mining
19:27 Medium Warships
19:38 Bow Saw
21:35 Fletching
22:39 Gold Shaft Mining
23:14 Bodkin Arrow
25:09 Horse Collar
27:14 Town Watch
31:33 Wheelbarrow
37:24 Imperial Age
35:26 Hand Cart
35:39 Ballistics
36:17 Padded Archer Armor
37:07 Stone Mining
37:33 Leather Archer Armor
39:10 Chemistry
38:43 Bracer
39:57 Conscription
40:08 Elite Mangudai
43:13 Drill
43:09 Thumb Ring
43:29 Parthian Tactics
43:10 Husbandry
43:20 Bloodlines
43:41 Bloodlines
51:12 Light Cavalry
51:58 Scale Barding Armor
52:03 Forging
52:16 Heavy Plow
52:01 Hussar
53:38 Chain Barding Armor
54:13 Iron Casting
54:52 Town Patrol
56:07 Blast Furnace
55:39 Onager
58:37 Siege Engineers
Connection lost

Rejoining the realm…

Still unreachable

The connection could not be restored.

Session expired

The server has moved on; the page needs a fresh start.